[Event "Hasselbacken Open 2019"]
[Site "Stockholm"]
[Date "2019.11.01"]
[Round "1.6"]
[White "Dingertz, Erik"]
[Black "Pantzar, Milton"]
[Result "0-1"]
[ECO "A13"]
[WhiteElo "1908"]
[BlackElo "2376"]
[Annotator "NA RC"]
[PlyCount "52"]
[EventDate "2019.11.01"]
[EventCountry "SWE"]
[SourceTitle "playchess.com"]
[Source "ChessBase"]
[SourceQuality "1"]
[TimeControl "900+5"]

1. Nf3 d5 2. c4 e6 3. g3 c6 4. Bg2 b5 5. cxb5 cxb5 6. Nc3 b4 7. Nb5 a6 8. Nbd4 Nf6 9. O-O Bd6 10. Qc2 O-O 11. a3 e5 12. Nb3 bxa3 13. bxa3 Bd7 14. Bb2 Qe7 15. d4 e4 16. Ne5 Rc8 17. Qd2 Nc6 18. Nxd7 Nxd7 19. Rfc1 Nb6 20. Nc5 f5 21. e3 Nc4 22. Qc3 Rab8 23. Rab1 N6a5 24. Nxa6 Rb3 25. Qe1 Qb7 26. Rxc4 Nxc4 0-1

[Event "Hasselbacken Open 2019"]
[Site "Stockholm"]
[Date "2019.11.01"]
[Round "2.5"]
[White "Pettersson, Alexander"]
[Black "Roshka, Yevgeniy"]
[Result "0-1"]
[ECO "A42"]
[WhiteElo "2072"]
[BlackElo "2369"]
[Annotator "RC"]
[PlyCount "36"]
[EventDate "2019.11.01"]
[EventCountry "SWE"]
[SourceTitle "playchess.com"]
[Source "ChessBase"]
[SourceQuality "1"]
[TimeControl "900+5"]

1. d4 g6 2. c4 Bg7 3. Nc3 d6 4. e4 e5 5. d5 a5 6. Bd3 Na6 7. Nge2 Nc5 8. Bc2 Nh6 9. Ng3 O-O 10. O-O f5 11. exf5 Nxf5 12. Nxf5 Bxf5 13. Bxf5 gxf5 14. Be3 b6 15. Qd2 Qh4 16. b3 f4 17. Bxc5 f3 18. Be3 Qg4 0-1

[Event "Hasselbacken Open 2019"]
[Site "Stockholm"]
[Date "2019.11.01"]
[Round "2.8"]
[White "Vasli, Aref"]
[Black "Muntean, Victor"]
[Result "0-1"]
[ECO "C88"]
[WhiteElo "2348"]
[BlackElo "2020"]
[Annotator "RC"]
[PlyCount "70"]
[EventDate "2019.11.01"]
[EventCountry "SWE"]
[SourceTitle "playchess.com"]
[Source "ChessBase"]
[SourceQuality "1"]
[TimeControl "900+5"]

1. e4 e5 2. Nf3 Nc6 3. Bb5 a6 4. Ba4 Nf6 5. O-O Be7 6. Re1 b5 7. Bb3 O-O 8. a4 Bb7 9. d3 d5 10. Nbd2 Re8 11. axb5 axb5 12. Rxa8 Bxa8 13. exd5 Nxd5 14. Ne4 h6 15. Ng3 Nd4 16. Nxd4 exd4 17. Bd2 Bg5 18. Rxe8+ Qxe8 19. Bxg5 hxg5 20. Ne4 Nf4 21. Nxg5 Qe7 22. h4 Bxg2 23. Qg4 Bb7 24. Kh2 Qe1 25. Bxf7+ Kf8 26. Qg1 Qe5 27. Qg3 Qe1 28. Ne4 Bxe4 29. dxe4 Qxe4 30. Bb3 Ne2 31. Qxc7 Qxh4+ 32. Kg2 Nf4+ 33. Kf3 Qh1+ 34. Kg4 Qh5+ 35. Kg3 Qh3+ 0-1

[Event "Hasselbacken Open 2019"]
[Site "Stockholm"]
[Date "2019.11.01"]
[Round "2.9"]
[White "Falkevall, Axel"]
[Black "Akesson, Ralf"]
[Result "1/2-1/2"]
[ECO "B11"]
[WhiteElo "2036"]
[BlackElo "2370"]
[Annotator "RC"]
[PlyCount "72"]
[EventDate "2019.11.01"]
[EventCountry "SWE"]
[SourceTitle "playchess.com"]
[Source "ChessBase"]
[SourceQuality "1"]
[TimeControl "900+5"]

1. e4 c6 2. Nc3 d5 3. Nf3 Bg4 4. h3 Bxf3 5. Qxf3 e6 6. Be2 Nd7 7. d4 dxe4 8. Nxe4 Ngf6 9. O-O Nxe4 10. Qxe4 Nf6 11. Qd3 Be7 12. Rd1 O-O 13. c4 a5 14. Be3 a4 15. Bf3 Qa5 16. Qc2 Rfd8 17. Rd3 Rac8 18. Rad1 h6 19. Qe2 Qb4 20. Qc2 Ne8 21. Bd2 Qb6 22. Qxa4 Qxb2 23. Bc3 Qb6 24. c5 Qa6 25. Qxa6 bxa6 26. Ba5 Rd7 27. Rb3 Ra7 28. Rb6 Bd8 29. Rxc6 Rxc6 30. Bxc6 Bxa5 31. Bxe8 Rb7 32. Ba4 Rb2 33. Bb3 Kf8 34. d5 exd5 35. Rxd5 Rd2 36. Rxd2 Bxd2 1/2-1/2

[Event "Hasselbacken Open 2019"]
[Site "Stockholm"]
[Date "2019.11.01"]
[Round "2.10"]
[White "Sorensen, Hampus"]
[Black "Lyngsjo, Hakan"]
[Result "1-0"]
[ECO "A05"]
[WhiteElo "2330"]
[BlackElo "2038"]
[Annotator "RC"]
[PlyCount "61"]
[EventDate "2019.11.01"]
[EventCountry "SWE"]
[SourceTitle "playchess.com"]
[Source "ChessBase"]
[SourceQuality "1"]
[TimeControl "900+5"]

1. Nf3 Nf6 2. c4 g6 3. g3 Bg7 4. Bg2 c6 5. d4 d5 6. cxd5 cxd5 7. Ne5 O-O 8. Nc3 Bf5 9. Qb3 Qb6 10. Qxb6 axb6 11. Nxd5 Nxd5 12. Bxd5 Ra5 13. Bxb7 Bxe5 14. dxe5 Rxe5 15. Be3 Nd7 16. O-O Nc5 17. Bf3 Be4 18. Rfd1 Bxf3 19. exf3 Na4 20. b3 Nc3 21. Rd3 Rc8 22. Bxb6 Nd5 23. f4 Rf5 24. Be3 Rc2 25. g4 Nxe3 26. gxf5 Nxf5 27. a4 Nd6 28. a5 Nb5 29. Rd5 Nc3 30. Rd8+ Kg7 31. a6 1-0

[Event "Hasselbacken Open 2019"]
[Site "Stockholm"]
[Date "2019.11.01"]
[Round "3.6"]
[White "Vainerchuk, Barys"]
[Black "Pantzar, Milton"]
[Result "1/2-1/2"]
[ECO "C97"]
[WhiteElo "2136"]
[BlackElo "2376"]
[Annotator "RC"]
[PlyCount "132"]
[EventDate "2019.11.01"]
[EventCountry "SWE"]
[SourceTitle "playchess.com"]
[Source "ChessBase"]
[SourceQuality "1"]
[TimeControl "900+5"]

1. e4 e5 2. Nf3 Nc6 3. Bb5 a6 4. Ba4 Nf6 5. O-O Be7 6. Re1 b5 7. Bb3 d6 8. c3 O-O 9. h3 Na5 10. Bc2 c5 11. d4 Qc7 12. d5 Nc4 13. b3 Nb6 14. Be3 Bd7 15. Nbd2 c4 16. bxc4 Nxc4 17. Nxc4 Qxc4 18. Qd3 Rfc8 19. Bd2 Qc5 20. Rac1 Bd8 21. Bb3 Ba5 22. c4 Bxd2 23. Nxd2 Nh5 24. Qe3 Qxe3 25. fxe3 b4 26. Bc2 Nf6 27. Bd3 Ba4 28. Bc2 Be8 29. a3 bxa3 30. Ra1 Nd7 31. Rxa3 Nc5 32. Nb3 Nxb3 33. Bxb3 a5 34. Rea1 Rc5 35. Kf2 f6 36. Kf3 g5 37. Ba4 Bxa4 38. Rxa4 Kg7 39. Rb1 Ra6 40. Rb5 Rxb5 41. cxb5 Ra8 42. b6 Rb8 43. Rxa5 Rxb6 44. Ra7+ Kg6 45. Rd7 h5 46. Rd8 Ra6 47. Rg8+ Kf7 48. Rh8 Kg6 49. Rd8 Rb6 50. Rg8+ Kh7 51. Rd8 Kg7 52. Rd7+ Kg6 53. Rd8 Ra6 54. Rg8+ Kf7 55. Rh8 h4 56. Rh7+ Kg6 57. Rd7 Rb6 58. Rd8 Kf7 59. Rd7+ Kg6 60. Rd8 Ra6 61. Rg8+ Kf7 62. Rd8 Kg6 63. Rg8+ Kf7 64. Rd8 Kg6 65. Rg8+ Kf7 66. Rd8 Kg6 1/2-1/2

[Event "Hasselbacken Open 2019"]
[Site "Stockholm"]
[Date "2019.11.02"]
[Round "5.6"]
[White "Namini, Armin"]
[Black "Papunidi, Matvey"]
[Result "1-0"]
[ECO "A11"]
[WhiteElo "2249"]
[BlackElo "2083"]
[Annotator "RC"]
[PlyCount "97"]
[EventDate "2019.11.01"]
[EventCountry "SWE"]
[SourceTitle "playchess.com"]
[Source "ChessBase"]
[SourceQuality "1"]
[TimeControl "5400+30"]

1. c4 c6 2. g3 d5 3. Bg2 dxc4 4. Nf3 Nf6 5. O-O Nbd7 6. Qc2 b5 7. Nd4 Qb6 8. Nf3 e5 9. b3 cxb3 10. Qxb3 Bd6 11. Bb2 O-O 12. d4 exd4 13. Nxd4 Bb7 14. Nf5 Be5 15. Bxe5 Nxe5 16. Qc3 Nc4 17. Nd2 Nxd2 18. Qxd2 Rfd8 19. Qg5 Ne8 20. Rac1 f6 21. Qg4 Kh8 22. Rc3 Rac8 23. Ne7 Rc7 24. Qe6 Nd6 25. g4 h6 26. Rh3 Qd4 27. Rd3 Qc5 28. Rfd1 Re8 29. Ng6+ Kh7 30. Nf8+ Rxf8 31. Rxd6 a5 32. Qe4+ Kh8 33. Qf4 Qg5 34. Qg3 Re7 35. Bf3 b4 36. Rd7 Rxd7 37. Rxd7 Bc8 38. Rc7 Rd8 39. e3 c5 40. h4 Qg6 41. Rxc5 Qb1+ 42. Kg2 a4 43. Qc7 Qd3 44. Qa5 b3 45. axb3 axb3 46. Rd5 Rxd5 47. Bxd5 Be6 48. Qa8+ Kh7 49. Be4+ 1-0

[Event "Hasselbacken Open 2019"]
[Site "Stockholm"]
[Date "2019.11.02"]
[Round "5.10"]
[White "Muganlinskij, Hussein"]
[Black "Torngren, Gustav"]
[Result "0-1"]
[ECO "A46"]
[WhiteElo "2046"]
[BlackElo "2237"]
[Annotator "NA RC"]
[PlyCount "56"]
[EventDate "2019.11.01"]
[EventCountry "SWE"]
[SourceTitle "playchess.com"]
[Source "ChessBase"]
[SourceQuality "1"]
[TimeControl "5400+30"]

1. d4 e6 2. Nf3 Nf6 3. Bg5 d5 4. Nbd2 Be7 5. e3 h6 6. Bh4 Nbd7 7. Bd3 b6 8. c3 Bb7 9. Qc2 Rc8 10. O-O O-O 11. b4 c5 12. bxc5 bxc5 13. Bxf6 Nxf6 14. Rab1 Bc6 15. Ne5 c4 16. Be2 Be8 17. f4 Qa5 18. Rb7 Ba4 19. Qb2 Bd6 20. Rb1 Rb8 21. Ndxc4 dxc4 22. Nxc4 Rxb7 23. Qxb7 Qxc3 24. Qa6 Bxf4 25. exf4 Qxd4+ 26. Kh1 Ne4 27. g3 Nc5 28. Qxa7 Bc6+ 0-1

[Event "Hasselbacken Open 2019"]
[Site "Stockholm"]
[Date "2019.11.02"]
[Round "6.7"]
[White "Soderstrom, Adrian"]
[Black "Dudin, Gleb"]
[Result "0-1"]
[ECO "B00"]
[WhiteElo "1960"]
[BlackElo "2314"]
[Annotator "RC"]
[PlyCount "82"]
[EventDate "2019.11.01"]
[EventCountry "SWE"]
[SourceTitle "playchess.com"]
[Source "ChessBase"]
[SourceQuality "1"]
[TimeControl "5400+30"]

1. e4 d6 2. d4 g6 3. c4 Bg7 4. Nc3 e5 5. Nf3 Bg4 6. d5 Nd7 7. Be2 Bxf3 8. Bxf3 h5 9. Be2 a5 10. Be3 Bh6 11. Bxh6 Nxh6 12. a3 O-O 13. O-O Nc5 14. b4 axb4 15. axb4 Rxa1 16. Qxa1 Nb3 17. Qa7 b6 18. Nb5 Nd2 19. Ra1 Nxe4 20. Qxc7 Qh4 21. Qxb6 Nf5 22. Bd3 Nd4 23. Bxe4 Qxe4 24. Nxd4 exd4 25. Qxd6 Re8 26. h3 d3 27. Qf6 d2 28. Kh2 Qe1 29. c5 d1=Q 30. Rxd1 Qxd1 31. Qf3 Qd4 32. d6 Rb8 33. Qg3 h4 34. Qg4 Rxb4 35. d7 Qe5+ 36. f4 Qc7 37. c6 Rd4 38. Qxh4 Kg7 39. Qg5 f6 40. Qg4 Qxc6 41. f5 Qd6+ 0-1

[Event "Hasselbacken Open 2019"]
[Site "Stockholm"]
[Date "2019.11.02"]
[Round "6.9"]
[White "Torngren, Gustav"]
[Black "Baumgarten, Thomas"]
[Result "1-0"]
[ECO "D35"]
[WhiteElo "2237"]
[BlackElo "1925"]
[Annotator "RC"]
[PlyCount "63"]
[EventDate "2019.11.01"]
[EventCountry "SWE"]
[SourceTitle "playchess.com"]
[Source "ChessBase"]
[SourceQuality "1"]
[TimeControl "5400+30"]

1. d4 d5 2. c4 e6 3. Nc3 Nf6 4. cxd5 exd5 5. Bg5 Be7 6. e3 c6 7. Bd3 O-O 8. Qc2 h6 9. Bh4 Re8 10. Nf3 Nbd7 11. O-O-O b5 12. Rdg1 a5 13. g4 Ne4 14. Bxe7 Qxe7 15. Bxe4 dxe4 16. Nd2 Bb7 17. g5 hxg5 18. Qd1 c5 19. Qh5 cxd4 20. Ne2 dxe3 21. fxe3 Qc5+ 22. Kb1 Nf6 23. Rxg5 Qxe3 24. Qh6 Qd3+ 25. Ka1 g6 26. Rxg6+ fxg6 27. Qxg6+ Kh8 28. Qxf6+ Kh7 29. Qf7+ Kh8 30. Rg1 Re7 31. Qh5+ Rh7 32. Qe5+ 1-0

[Event "Hasselbacken Open 2019"]
[Site "Stockholm"]
[Date "2019.11.03"]
[Round "7.6"]
[White "Ornstein, Axel"]
[Black "Torngren, Gustav"]
[Result "1/2-1/2"]
[ECO "A30"]
[WhiteElo "2297"]
[BlackElo "2237"]
[Annotator "ChessBase"]
[PlyCount "35"]
[EventDate "2019.11.01"]
[EventCountry "SWE"]
[SourceTitle "playchess.com"]
[Source "ChessBase"]
[SourceQuality "1"]
[TimeControl "5400+30"]

1. c4 c5 2. g3 g6 3. Bg2 Nf6 4. Nc3 Bg7 5. e3 O-O 6. Nge2 Nc6 7. O-O e6 8. d4 cxd4 9. exd4 d5 10. cxd5 Nxd5 11. Nxd5 exd5 12. Be3 Bg4 13. Re1 Qb6 14. Bxd5 Rad8 15. Qb3 Qxb3 16. Bxb3 Bxe2 17. Rxe2 Nxd4 18. Bxd4 1/2-1/2

[Event "Hasselbacken Open 2019"]
[Site "Stockholm"]
[Date "2019.11.03"]
[Round "7.8"]
[White "Papunidi, Matvey"]
[Black "Henriksson, Johan"]
[Result "1-0"]
[ECO "B13"]
[WhiteElo "2083"]
[BlackElo "2270"]
[Annotator "ChessBase"]
[PlyCount "117"]
[EventDate "2019.11.01"]
[EventCountry "SWE"]
[SourceTitle "playchess.com"]
[Source "ChessBase"]
[SourceQuality "1"]
[TimeControl "5400+30"]

1. e4 c6 2. d4 d5 3. exd5 cxd5 4. Bd3 Nc6 5. c3 Nf6 6. Bf4 g6 7. Nf3 Bg7 8. O-O O-O 9. Nbd2 Bf5 10. Bxf5 gxf5 11. Ne1 e6 12. Nd3 Ne4 13. Re1 Ne7 14. Re3 Ng6 15. Rh3 Nxf4 16. Nxf4 Qg5 17. Nxe4 Qxf4 18. Qh5 h6 19. Rh4 Qc7 20. Nc5 Qe7 21. f4 Kh7 22. Re1 b6 23. Nd3 Rh8 24. Re3 Kg8 25. g4 Bf6 26. Rhh3 fxg4 27. Rhg3 Kh7 28. Nb4 Qf8 29. Nxd5 Bd8 30. Rxg4 Rg8 31. Rxg8 Qxg8+ 32. Rg3 Qf8 33. Ne3 a5 34. Ng4 Ra7 35. Rh3 Qg7 36. Kf2 Qg6 37. Qxh6+ Qxh6 38. Rxh6+ Kg7 39. Rh5 f5 40. Ne5 Bf6 41. Rh3 Bxe5 42. dxe5 b5 43. Rd3 Rc7 44. Ke3 b4 45. cxb4 axb4 46. Rd4 Ra7 47. Rxb4 Rxa2 48. Kd4 Ra5 49. Rb7+ Kf8 50. b4 Ra2 51. Rh7 Rf2 52. Rh4 Ke7 53. Kc5 Kd7 54. Kb6 Rb2 55. b5 Rb4 56. Kc5 Re4 57. b6 Re2 58. Rh7+ Kc8 59. Kd6 1-0

[Event "Hasselbacken Open 2019"]
[Site "Stockholm"]
[Date "2019.11.03"]
[Round "7.9"]
[White "Vainerchuk, Barys"]
[Black "Namini, Armin"]
[Result "1/2-1/2"]
[ECO "B61"]
[WhiteElo "2136"]
[BlackElo "2249"]
[Annotator "ChessBase"]
[PlyCount "89"]
[EventDate "2019.11.01"]
[EventCountry "SWE"]
[SourceTitle "playchess.com"]
[Source "ChessBase"]
[SourceQuality "1"]
[TimeControl "5400+30"]

1. e4 c5 2. Nf3 d6 3. d4 Nf6 4. Nc3 cxd4 5. Nxd4 Nc6 6. Bg5 Bd7 7. Qd2 Rc8 8. O-O-O Nxd4 9. Qxd4 Qa5 10. Qd2 Ng4 11. f4 h6 12. Bh4 g5 13. h3 gxh4 14. hxg4 Bg7 15. e5 Bxg4 16. Bb5+ Kf8 17. Rde1 h5 18. exd6 Bxc3 19. dxe7+ Kg7 20. bxc3 Qxb5 21. Re5 Qd7 22. Rg5+ Kh6 23. Qxd7 Bxd7 24. Rxh4 Bg4 25. Rgxg4 Rc5 26. Rg3 Re8 27. Re3 Kg6 28. Rh1 Kf6 29. Rhe1 Ra5 30. Kb2 Rb5+ 31. Ka1 Rc5 32. Kb2 Rb5+ 33. Kc1 Ra5 34. Re5 Rxa2 35. Kb1 Ra4 36. Rxh5 Rc4 37. f5 Rc7 38. Rh6+ Kxf5 39. Rf1+ Kg5 40. Rhf6 Rexe7 41. R1f5+ Kg4 42. Rf4+ Kg5 43. R4f5+ Kg4 44. Rf4+ Kg5 45. R4f5+ 1/2-1/2

[Event "Hasselbacken Open 2019"]
[Site "Stockholm"]
[Date "2019.11.03"]
[Round "7.10"]
[White "Walinder, Lars"]
[Black "Hardarson, Jon Trausti"]
[Result "1-0"]
[ECO "B38"]
[WhiteElo "2299"]
[BlackElo "2098"]
[Annotator "ChessBase"]
[PlyCount "104"]
[EventDate "2019.11.01"]
[EventCountry "SWE"]
[SourceTitle "playchess.com"]
[Source "ChessBase"]
[SourceQuality "1"]
[TimeControl "5400+30"]

1. c4 c5 2. Nf3 Nc6 3. d4 cxd4 4. Nxd4 g6 5. e4 Bg7 6. Be3 Nf6 7. Nc3 d6 8. Be2 O-O 9. O-O Bd7 10. Qd2 a6 11. f3 Rc8 12. Rfd1 Re8 13. Rac1 Qa5 14. Nb3 Qb4 15. Qc2 Na5 16. c5 Nxb3 17. Qxb3 Qxb3 18. axb3 Be6 19. cxd6 exd6 20. Rxd6 Bf8 21. Rd2 Bxb3 22. Bd1 Be6 23. Be2 Nd7 24. Rdd1 Ne5 25. Nd5 Bxd5 26. Rxc8 Rxc8 27. Rxd5 Bg7 28. f4 Nc4 29. Bxc4 Rxc4 30. Rd8+ Bf8 31. f5 Kg7 32. f6+ Kxf6 33. Rxf8 Rxe4 34. Bd2 Re7 35. Bc3+ Kf5 36. Kf2 h5 37. Rd8 Rc7 38. Rd6 Ke4 39. Rd4+ Kf5 40. Kf3 Ke6 41. Kf4 Rc5 42. Re4+ Kd7 43. Bb4 Rf5+ 44. Ke3 Kc6 45. Rf4 Rg5 46. Kf3 Rb5 47. Bc3 f5 48. Rc4+ Kd5 49. Rd4+ Ke6 50. Kf4 Re5 51. Rb4 Re2 52. Rb6+ Kd5 {Ke4+} 1-0

[Event "Hasselbacken Open 2019"]
[Site "Stockholm"]
[Date "2019.11.03"]
[Round "8.9"]
[White "Johansson, Gunnar"]
[Black "Walinder, Lars"]
[Result "1/2-1/2"]
[ECO "D37"]
[WhiteElo "2252"]
[BlackElo "2299"]
[Annotator "ChessBase"]
[PlyCount "30"]
[EventDate "2019.11.01"]
[EventCountry "SWE"]
[SourceTitle "playchess.com"]
[Source "ChessBase"]
[SourceQuality "1"]
[TimeControl "5400+30"]

1. d4 d5 2. c4 e6 3. Nc3 Nf6 4. Nf3 Be7 5. Bf4 O-O 6. e3 b6 7. Bd3 dxc4 8. Bxc4 Ba6 9. Qe2 Qc8 10. O-O c5 11. dxc5 Bxc5 12. Bxa6 Nxa6 13. Rfd1 Qb7 14. Ne5 Rfd8 15. Rxd8+ Rxd8 1/2-1/2

[Event "Hasselbacken Open 2019"]
[Site "Stockholm"]
[Date "2019.11.03"]
[Round "8.10"]
[White "Svensson, Mikael"]
[Black "Ornstein, Axel"]
[Result "1/2-1/2"]
[ECO "A46"]
[WhiteElo "2163"]
[BlackElo "2297"]
[Annotator "ChessBase"]
[PlyCount "56"]
[EventDate "2019.11.01"]
[EventCountry "SWE"]
[SourceTitle "playchess.com"]
[Source "ChessBase"]
[SourceQuality "1"]
[TimeControl "5400+30"]

1. d4 Nf6 2. Nf3 e6 3. Bf4 c5 4. e3 b6 5. Nc3 cxd4 6. Nb5 Nd5 7. Qxd4 Nc6 8. Nd6+ Bxd6 9. Qxg7 Bb4+ 10. c3 Bxc3+ 11. bxc3 Qf6 12. Qxf6 Nxf6 13. c4 Ne4 14. Nd2 Nxd2 15. Kxd2 e5 16. Bg3 Ba6 17. Rc1 d6 18. Bd3 Rc8 19. f4 f6 20. Bh4 O-O 21. Bf5 Rc7 22. Rhf1 Na5 23. Be6+ Kg7 24. Kd3 b5 25. cxb5 Bxb5+ 26. Ke4 Re7 27. f5 Bxf1 28. Rxf1 Rh8 1/2-1/2